AoeStats
← Enkidu

MegaRandom

507978749Analyzed
4v4 RM · 13d ago on Sep 20, 2026· 37m 59s· 8 players
Game mode
Random Map
Map size
Large (8 player)
Population
200
Speed
Normal
Resources
Standard
Victory
Conquest
Starting age
Dark Age
Ending age
Imperial Age
RankedLock teamsTeams togetherTeam positionsShared explorationLock speedFull tech treeHidden civsTurbo modeCheats
Victory
Defeat
🇩🇪 Turks · Germany
1119
+16
🇹🇷 Gurjaras · Türkiye
1091
+17
🇨🇿 Britons · Czechia
1090
+17
🇬🇧 Saracens · United Kingdom
1065
+18
🇨🇳 Persians · China
1283
-24
🇺🇸 Magyars · United States
1089
-38
🇭🇰 Berbers · Hong Kong SAR China
1080
-16
🇨🇳 Ethiopians · China
1000
-38
Pandaduongvat
3:37 Loom
9:36 Feudal Age
13:46 Fletching
16:44 Horse Collar
16:51 Double-Bit Axe
18:26 Padded Archer Armor
21:35 Castle Age
23:36 Bow Saw
22:54 Pikeman
22:58 Crossbowman
24:38 Squires
24:24 Arson
24:42 Scale Mail Armor
26:22 Gold Mining
35:23 Imperial Age
Sir Swinag
11:08 Feudal Age
16:29 Castle Age
16:08 Horse Collar
24:41 Heavy Plow
25:09 Forging
25:05 Scale Barding Armor
26:41 Iron Casting
26:28 Bloodlines
26:19 Husbandry
35:11 Padded Archer Armor
35:32 Chain Barding Armor
39:38 Imperial Age
Botgamer928
11:48 Feudal Age
12:55 Loom
17:16 Castle Age
17:41 Forging
19:25 Iron Casting
26:19 Scale Barding Armor
27:12 Bloodlines
28:33 Husbandry
28:55 Chain Barding Armor
31:20 Gold Mining
31:17 Double-Bit Axe
31:14 Horse Collar
32:13 Wheelbarrow
31:49 Bimaristan
39:23 Imperial Age
38:34 Heavy Plow
Enkidu
6:34 Loom
9:36 Feudal Age
10:05 Double-Bit Axe
13:49 Horse Collar
17:05 Castle Age
18:17 Bow Saw
18:09 Heavy Plow
19:58 Husbandry
22:46 Wheelbarrow
22:52 Gold Mining
23:25 Stone Mining
25:18 Bloodlines
26:06 Hand Cart
27:01 Stone Shaft Mining
31:45 Imperial Age
29:48 Scale Barding Armor
29:54 Forging
30:56 Chain Barding Armor
32:55 Gold Shaft Mining
32:08 Heavy Camel Rider
34:21 Crop Rotation
37:20 Conscription
38:56 Chemistry
ChenH
0:41 Loom
13:18 Feudal Age
15:41 Bloodlines
16:41 Double-Bit Axe
17:53 Scale Mail Armor
18:08 Scale Barding Armor
22:08 Castle Age
22:11 Stone Mining
22:15 Light Cavalry
23:37 Husbandry
24:00 Chain Barding Armor
23:49 Gold Mining
28:35 Bow Saw
dy小妖
8:41 Loom
10:59 Feudal Age
12:47 Double-Bit Axe
15:57 Castle Age
14:43 Gold Mining
15:19 Horse Collar
17:10 Bow Saw
18:42 Heavy Plow
22:05 Town Watch
22:57 Wheelbarrow
29:01 Imperial Age
26:47 Scale Barding Armor
27:26 Hand Cart
28:13 Chain Barding Armor
28:31 Gold Shaft Mining
28:45 Bloodlines
28:36 Husbandry
28:49 Forging
28:44 Cavalier
30:02 Plate Barding Armor
29:19 Heavy Camel Rider
32:29 Forging
33:41 Cavalier
34:59 Iron Casting
心随
0:37 Loom
13:00 Feudal Age
14:29 Gold Mining
15:30 Double-Bit Axe
19:01 Castle Age
17:21 Fletching
17:33 Padded Archer Armor
20:30 Wheelbarrow
20:51 Gold Shaft Mining
22:39 Bow Saw
25:48 Crossbowman
26:29 Horse Collar
28:56 Thumb Ring
为何独自愁
5:00 Loom
12:32 Feudal Age
20:49 Castle Age
21:14 Double-Bit Axe
23:53 Bow Saw
26:33 Horse Collar
30:03 Fletching
31:10 Bodkin Arrow
34:48 Padded Archer Armor
Connection lost

Rejoining the realm…

Still unreachable

The connection could not be restored.

Session expired

The server has moved on; the page needs a fresh start.